 Dungeon Crawl Stone Soup version 0.26-a0-597-gb535b0901c (webtiles) character file.

Game seed: 5997167964464009611

1003 Alarkh the Insei (level 8, 63/63 HPs)
             Began as a Demonspawn Gladiator on Sept 15, 2020.
             Was a Follower of Uskayaw.
             Got out of the dungeon alive.
             The game lasted 00:05:10 (5491 turns).

Alarkh the Insei (Demonspawn Gladiator)             Turns: 5491, Time: 00:05:11

Health: 63/63      AC: 11    Str: 14    XL:     8   Next: 0%
Magic:  8/8        EV: 14    Int: 12    God:    Uskayaw [*.....]
Gold:   310        SH:  0    Dex: 15    Spells: 7/7 levels left

rFire    + . .     SeeInvis .     - Unarmed
rCold    . . .     Faith    .   (no shield)
rNeg     . . .     Spirit   +   t - +1 scale mail {rF+}
rPois    .         Reflect  .   b - +0 helmet
rElec    .         Harm     .   (no cloak)
rCorr    .                      (no gloves)
MR       .....                  (no boots)
Stlth    ..........             d - amulet of guardian spirit
HPRegen  0.20/turn              v - +4 ring of evasion
MPRegen  0.11/turn              (no ring)

@: no status effects
A: yellow scales 2, demonic guardian 1, spiny 2
a: Stomp, Renounce Religion


You escaped.
You worshipped Uskayaw.
Uskayaw was noncommittal.
You visited 2 branches of the dungeon, and saw 7 of its levels.

You collected 310 gold pieces.

Inventory:

Missiles
 c - 4 throwing nets (quivered)
Armour
 b - a +0 helmet (worn)
 t - a +1 scale mail of fire resistance (worn)
Jewellery
 d - an amulet of guardian spirit (around neck)
 v - a +4 ring of evasion (left hand)
Scrolls
 a - a scroll of enchant weapon {unknown}
 e - 2 scrolls of identify
 g - 2 scrolls of immolation
 h - 6 scrolls of remove curse {unknown}
 j - 6 scrolls of teleportation {unknown}
 k - 2 scrolls of amnesia {unknown}
 l - a scroll of magic mapping {unknown}
 m - a scroll of blinking {unknown}
 r - 2 scrolls of enchant armour {unknown}
 s - 2 scrolls of fog {unknown}
 x - a scroll of fear
Potions
 f - a potion of mutation {unknown}
 i - 2 potions of stabbing
 n - a potion of berserk rage
 o - 3 potions of degeneration
 p - a potion of invisibility
 q - a potion of curing
 u - a potion of might {unknown}
 w - a potion of brilliance
 z - 2 potions of heal wounds


   Skills:
 + Level 5.6 Fighting
 - Level 1.7 Throwing
 - Level 2.6 Dodging
 * Level 7.4 Unarmed Combat


You had 7 spell levels left.
You didn't know any spells.
Your spell library contained the following spells:

 Spells                   Type           Power        Failure   Level
 Magic Dart               Conj           #...         83%         1
 Searing Ray              Conj           #.....       92%         2
 Confusing Touch          Hex            #.......     99%         3
 Dazzling Flash           Conj/Hex       #.....       99%         3
 Gell's Gravitas          Tloc           #.........   99%         3
 Fulminant Prism          Conj/Hex       #.........   100%        4
 Iskenderun's Mystic Bla  Conj/Tloc      #.......     100%        4
 Petrify                  Tmut/Erth      #.......     100%        4
 Metabolic Englaciation   Hex/Ice        #.........   100%        5
 Yara's Violent Unravell  Hex/Tmut       #.........   100%        5


Dungeon Overview and Level Annotations

Branches:
Dungeon (6/15)             Temple (1/1) D:5

Altars:
Cheibriados
Dithmenos
Elyvilon
Fedhas
Gozag
Hepliaklqana
Kikubaaqudgha
Makhleb
Okawaru
Qazlal
Ru
Sif Muna
Uskayaw
Vehumet
Xom
Yredelemnul
Zin
The Shining One

Annotations:
D:2 2 transporters


Innate Abilities, Weirdness & Mutations

You are mostly covered in yellow scales. (AC +3)
A weak demonic guardian rushes to your aid.
You are mostly covered in sharp spines.


Message History

an arrow; a +0 ring mail; a +0 short sword
There is an open door here.
There is an open door here.
There is a stone staircase leading up here.
You climb upwards.
There is a stone staircase leading down here.
There is a stone staircase leading up here.
You climb upwards.
There is a stone staircase leading down here.
There is a stone staircase leading up here.
You climb upwards.
Level annotation: 2 transporters
There is a stone staircase leading down here.
There is a stone staircase leading up here.
You climb upwards.
There is a stone staircase leading down here.
There is an open door here.
There is a staircase leading out of the dungeon here.
Are you sure you want to leave the Dungeon?
This will make you lose the game!
You have escaped!

♣♣♣
#♣@♣#
#8.8#
##'##
#..#
##.##
#..#
#.##
#####
#.#
##...##
#.#


There were no monsters in sight!

Vanquished Creatures
  An orc warrior (D:5)
  3 ogres
  A centaur (D:5)
  A scorpion (D:4)
  A hound (D:6)
  A centaur skeleton (D:4)
  2 iguanas (D:5)
  4 worker ants
  A hound zombie (D:5)
  4 gnolls (D:3)
  7 adders
  A shadow imp (D:3)
  A white imp (D:5)
  An ufetubus (D:5)
  An ooze (D:4)
  An adder skeleton (D:4)
  8 worms
  7 dart slugs
  5 leopard geckos
  28 orcs
  A ball python (D:3)
  11 bats
  4 giant cockroaches
  7 goblins
  11 hobgoblins
  4 jackals (D:3)
  8 kobolds
  7 frilled lizards
  A jackal skeleton (D:5)
  4 rats
137 creatures vanquished.

Notes
Turn   | Place    | Note
-------+----------+-------------------------------------------
     0 | D:1      | Alarkh the Demonspawn Gladiator began the quest for the
                  | Orb.
     0 | D:1      | Reached XP level 1. HP: 16/16 MP: 1/1
    85 | D:1      | Reached skill level 3 in Unarmed Combat
    88 | D:1      | Gained mutation: You are partially covered in sharp spines.
                  | [demonic ancestry]
    88 | D:1      | Reached XP level 2. HP: 5/22 MP: 2/2
   945 | D:2      | Gained mutation: You are partially covered in yellow
                  | scales. (AC +2) [demonic ancestry]
   945 | D:2      | Reached XP level 3. HP: 26/28 MP: 3/3
  1357 | D:2      | Found a shadowy altar of Dithmenos.
  1456 | D:2      | Noticed a centaur
  1463 | D:2      | Found a transporter.
  1497 | D:2      | Reached skill level 4 in Unarmed Combat
  1510 | D:2      | Found a radiant altar of Vehumet.
  1514 | D:2      | Reached XP level 4. HP: 34/34 MP: 4/4
  1537 | D:2      | Found a transporter.
  2477 | D:3      | Gained mutation: You are mostly covered in sharp spines.
                  | [demonic ancestry]
  2477 | D:3      | Reached XP level 5. HP: 41/41 MP: 5/5
  2563 | D:3      | Found a hide-covered altar of Uskayaw.
  2563 | D:3      | Found a glowing golden altar of the Shining One.
  2603 | D:3      | Became a worshipper of Uskayaw the Reveler
  2641 | D:3      | Reached * piety under Uskayaw
  2746 | D:3      | Reached ** piety under Uskayaw
  2803 | D:3      | Reached *** piety under Uskayaw
  2808 | D:3      | Reached skill level 5 in Unarmed Combat
  2812 | D:3      | Reached **** piety under Uskayaw
  3229 | D:3      | Reached XP level 6. HP: 48/48 MP: 6/6
  3530 | D:4      | Reached skill level 6 in Unarmed Combat
  3601 | D:4      | Gained mutation: You are mostly covered in yellow scales.
                  | (AC +3) [demonic ancestry]
  3601 | D:4      | Reached XP level 7. HP: 45/55 MP: 7/7
  4214 | D:5      | Entered Level 5 of the Dungeon
  4410 | D:5      | Reached skill level 5 in Fighting
  4415 | D:5      | Reached skill level 7 in Unarmed Combat
  4570 | D:5      | Found a staircase to the Ecumenical Temple.
  4579 | Temple   | Entered the Ecumenical Temple
  4784 | D:5      | Found an opulent altar of Gozag.
  5273 | D:6      | Gained mutation: A weak demonic guardian rushes to your
                  | aid. [demonic ancestry]
  5273 | D:6      | Reached XP level 8. HP: 63/63 MP: 8/8
  5491 | D:$      | Got out of the dungeon alive.

Illustrated notes

Levels and vault maps discovered:
D:1:      saegor_arrival_simple_b, layout_loops_ring,
          hangedman_abyss_or_decor_lesser_grid
D:2:      layout_loops_corners, lemuel_crystal_altar,
          gammafunk_temple_overflow_arena
D:3:      minmay_razor_zed, layout_rooms, grunt_temple_overflow_open,
          corexii_corridor_pit, minmay_increasing_density
D:4:      layout_basic, minmay_hedge_maze, hangedman_decor_lopped
D:5:      layout_loops_corners, minmay_temple_entry_glass, basic_altar
D:6:      layout_cave_pools, serial_shops, nicolae_shop_trees, serial_bayou,
          serial_bayou_pond_b, serial_bayou_lagoon_b, serial_bayou_shore_b,
          serial_bayou_ford_a, led_sif_book, uniq_edmund
Temple:   nicolae_temple_god_jail

Skill      XL: |  1  2  3  4  5  6  7 |
---------------+----------------------+-----
Unarmed Combat | 3 4 5 6 7 |  7.4
Fighting       | 3 4 5 |  5.6
Throwing       | |  1.7
Dodging        | |  2.6

Action                   |  1- 3 |  4- 6 |  7- 9 || total
-------------------------+-------+-------+-------++-------
Melee: Unarmed           |    83 |   221 |    70 ||   374
       Punch             |     1 |     3 |     4 ||     8
  Use: Potion            |     1 |     2 |       ||     3
       Scroll            |       |     7 |       ||     7
 Stab: Sleeping          |     3 |       |       ||     3
       Paralysed         |       |     3 |     2 ||     5
Armor: Leather armour    |    28 |    28 |       ||    56
       Skin              |       |     3 |       ||     3
       Scale mail        |       |    29 |    16 ||    45
Dodge: Dodged            |    51 |   140 |    41 ||   232

Table legend: (Time is in decaauts)
 A = Elapsed time spent in this place.
 B = Non-inter-level travel time spent in this place.
 C = Inter-level travel time spent in this place.
 D = Time resting spent in this place.
 E = Time spent auto-exploring this place.
 F = Levels seen in this place.
 G = Mean time per level.
                   A        B        C        D        E       F      G
               +--------+--------+--------+--------+--------+-----+--------+
         Total |   5460 |   5076 |    384 |    489 |   3764 |   7 |  780.0 |
       Dungeon |   5404 |   5038 |    366 |    489 |   3725 |   6 |  900.7 |
        Temple |     56 |     39 |     17 |      0 |     39 |   1 |   56.0 |
               +--------+--------+--------+--------+--------+-----+--------+

Top non-repeatable levels by time:
     D:2: 1283 daAuts
     D:3: 1151 daAuts
     D:5: 1070 daAuts
     D:4: 948 daAuts
     D:1: 933 daAuts
  Temple: 56 daAuts
     D:6: 17 daAuts
